 Dungeon Crawl Stone Soup version 0.30.1-11-g7821555f0a (webtiles) character file.

Game seed: 17793216050949713368

184977 Peloso the Hoplite (level 17, 0/160 HPs)
             Began as a Minotaur Fighter on Nov 25, 2023.
             Was the Champion of Okawaru.
             Slain by an Executioner (16 damage)
             ... summoned by a deep elf demonologist
             ... on level 3 of the Elven Halls.
             The game lasted 01:16:18 (34972 turns).

Peloso the Hoplite (Minotaur Fighter)              Turns: 34972, Time: 01:16:19

Health: 0/160      AC: 41    Str: 26    XL:     17   Next: 79%
Magic:  16/17      EV: 12    Int:  8    God:    Okawaru [******]
Gold:   3068       SH: 29    Dex: 23    Spells: 16/16 levels left

rFire   . . .        c - +7 long sword "Kemibenaess" {flame, Str+2 Dex+3}
rCold   . . .        d - +2 tower shield
rNeg    . . .        g - +8 orange crystal plate armour {Archmagi, Int+3 Clar}
rPois   .            (helmet restricted)
rElec   .            (no cloak)
rCorr   .            n - +0 pair of gloves "Ycoawn Ropu" {*Slow Will+ Str+4 Dex+3}
SInv    .            F - +1 pair of boots
Will    ++...        (no amulet) Stlth
                     k - +4 ring of slaying
HPRegen 0.46/turn    i - +4 ring of slaying
MPRegen 0.15/turn

%: slow self (1%), clarity, archmagi
@: lethally poisoned (0 -> -10), heroic, hasted, very quick
A: horns 2, retaliatory headbutt, weak 1
a: Renounce Religion, Heroism, Finesse, Duel


You were on level 3 of the Elven Halls.
You worshipped Okawaru.
Okawaru was exalted by your worship.
You visited 6 branches of the dungeon, and saw 29 of its levels.
You visited the Abyss 1 time.
You also visited: Sewer and Volcano.

You collected 3697 gold pieces.
You spent 629 gold pieces at shops.

Inventory:

Hand Weapons
 a - a +1 double sword of draining
 b - the +12 falchion of Untruth {freeze, Dex+5}
   (You bought it in a shop on level 7 of the Dungeon)

   Dex:       It affects your dexterity (+5).
 c - the +7 long sword "Kemibenaess" (weapon) {flame, Str+2 Dex+3}
   (You found it on level 5 of the Dungeon)

   Str:       It affects your strength (+2).
   Dex:       It affects your dexterity (+3).
 E - a +2 demon blade of flaming
Armour
 d - a +2 tower shield (worn)
 e - the +3 scale mail of the Lost Suns {Will+ Regen+ Stlth+}
   (Okawaru gifted it to you on level 1 of the Elven Halls)

   Regen:     It increases your rate of health regeneration.
   Will:      It increases your willpower.
   Stlth:     It makes you more stealthy.
 g - the +8 orange crystal plate armour (worn) {Archmagi, Int+3 Clar}
   (Okawaru gifted it to you on level 2 of the Lair of Beasts)

   Int:       It affects your intelligence (+3).
   Clar:      It protects you from confusion, rage, mesmerisation and fear.
 m - a +0 pair of gloves of dexterity
 n - the +0 pair of gloves "Ycoawn Ropu" (worn) {*Slow Will+ Str+4 Dex+3}
   (Okawaru gifted it to you in a volcano)

   Str:       It affects your strength (+4).
   Dex:       It affects your dexterity (+3).
   *Slow:     It may slow you when you take damage.
   Will:      It increases your willpower.
 F - a +1 pair of boots (worn)
Jewellery
 i - a +4 ring of slaying (right hand)
 k - a +4 ring of slaying (left hand)
 u - an amulet of guardian spirit
 A - a ring of resist corrosion
Wands
 t - a wand of digging (1)
 w - a wand of light (3)
 M - a wand of mindburst (9)
Scrolls
 f - 2 scrolls of enchant armour
 l - 7 scrolls of teleportation
 v - 3 scrolls of immolation
 y - 3 scrolls of magic mapping
 B - 3 scrolls of fear
 Q - 2 scrolls of poison
 T - a scroll of acquirement
Potions
 h - 6 potions of might
 j - 2 potions of mutation
 o - 7 potions of curing
 p - 7 potions of haste
 q - a potion of resistance
 r - 6 potions of lignification
 s - 2 potions of flight
 x - 7 potions of invisibility
 H - 2 potions of berserk rage


   Skills:
 + Level 16.8(21.8) Fighting
 + Level 18.7(23.7) Long Blades
 + Level 17.8(22.8) Armour
 + Level 3.5(8.5) Dodging
 + Level 2.0(7.0) Stealth
 + Level 23.6(27) Shields
 + Level 2.6 Invocations
 + Level 1.4 Evocations


You had 16 spell levels left.
You didn't know any spells.
Your spell library contained the following spells:

 Spells                   Type           Power      Damage    Failure   Level
 Apportation              Tloc           0%         N/A       99%         1
 Beastly Appendage        Tmut           0%         N/A       99%         1
 Magic Dart               Conj           0%         1d3       99%         1
 Necrotise                Necr           0%         1d4       99%         1
 Sandblast                Erth           0%         2d4       99%         1
 Blink                    Tloc           0%         N/A       100%        2
 Lesser Beckoning         Tloc           0%         N/A       100%        2
 Momentum Strike          Conj/Tloc      0%         3d8       100%        2
 Passwall                 Tmut/Erth      0%         N/A       100%        2
 Poisonous Vapours        Pois/Air       0%         N/A       100%        2
 Scorch                   Fire           0%         2d5       100%        2
 Wereblood                Tmut           0%         N/A       100%        2
 Inner Flame              Hex/Fire       0%         N/A       100%        3
 Mephitic Cloud           Conj/Pois/Air  0%         N/A       100%        3
 Ozocubu's Armour         Ice            0%         N/A       100%        3
 Spider Form              Tmut/Pois      0%         N/A       100%        3
 Stone Arrow              Conj/Erth      0%         3d7       100%        3
 Vampiric Draining        Necr           0%         2d6       100%        3
 Vhi's Electric Charge    Tloc/Air       0%         N/A       100%        3
 Flame Wave               Conj/Fire      0%         2d4       100%        4
 Sticky Flame             Conj/Fire      0%         2d3       100%        4
 Agony                    Necr           0%         N/A       100%        5
 Alistair's Intoxication  Tmut/Pois      0%         N/A       100%        5
 Freezing Cloud           Conj/Ice/Air   0%         6-21      100%        5
 Metabolic Englaciation   Hex/Ice        0%         N/A       100%        5
 Eringya's Noxious Bog    Tmut/Pois      0%         N/A       100%        6
 Orb of Destruction       Conj           0%         9d5       100%        7
 Necromutation            Tmut/Necr      0%         N/A       100%        8
 Summon Small Mammal      Summ           Unusable   N/A       N/A         1
 Call Imp                 Summ           Unusable   N/A       N/A         2
 Summon Guardian Golem    Hex/Summ       Unusable   N/A       N/A         3
 Summon Forest            Summ/Tloc      Unusable   N/A       N/A         5
 Simulacrum               Ice/Necr       Unusable   N/A       N/A         6
 Summon Cactus Giant      Summ           Unusable   N/A       N/A         6
 Spellforged Servitor     Conj/Summ      Unusable   N/A       N/A         7
 Summon Hydra             Summ           Unusable   N/A       N/A         7

Dungeon Overview and Level Annotations

Branches:
Dungeon (15/15)            Temple (0/1) D:7            Lair (5/5) D:8
  Swamp (2/4) Lair:3        Snake (2/4) Lair:3        Slime (0/5) Lair:5
    Orc (2/2) D:11            Elf (3/3) Orc:2        Vaults (0/5) D:14
 Depths (0/4) D:15          Sewer (visited)         Volcano (visited)

Altars:
Cheibriados
Elyvilon
Fedhas
Gozag
Kikubaaqudgha
Nemelex Xobeh
Okawaru
Qazlal
Ru
Sif Muna
Trog
Vehumet
Xom
The Shining One

Shops:
D:1 =   D:6 (   D:7 *   D:10 *   D:12 (   Orc:2 !?[*   Elf:1 *   Snake:1 (!?

Annotations:
D:10 Casa
Elf:1 1 runed translucent door
Elf:2 3 runed translucent doors


Innate Abilities, Weirdness & Mutations

You have a pair of horns on your head.
You reflexively headbutt those who attack you in melee.
You are weak. (Str -2)


Message History

Mara hits you from afar with a +1 demon trident of venom!!
You slash Mara! You headbutt Mara, but do no damage.
Mara is almost dead.
You feel sick. You block the Executioner's attack. x2
The Executioner barely misses you.
The Executioner hits you but does no damage. x3
The sun demon closely misses you. The Executioner hits you.
The Executioner misses you. You block the Executioner's attack.
The Executioner misses you. You block the Executioner's attack.
The Executioner hits you but does no damage.
Mara blinks!
Mara hits you from afar with a +1 demon trident of venom!
You are more poisoned.
You slice Mara!! You burn Mara.
You kill Mara!
Okawaru accepts your kill.
Mara shimmers and vanishes! x2
You feel very sick.
The sixfirhy disappears in a puff of smoke!
The Executioner hits you but does no damage.
You block the Executioner's attack. The Executioner barely misses you.
You block the Executioner's attack. The Executioner closely misses you. x2
The sun demon hits you!
You are engulfed in flames!
* * * LOW HITPOINT WARNING * * *
Okay, then.
You feel yourself speed up.
You feel very sick. You block the Executioner's attack. x2
The Executioner hits you but does no damage.
You block the Executioner's attack.
The Executioner hits you but does no damage. x2
The Executioner hits you!
* * * LOW HITPOINT WARNING * * *
You block the Executioner's attack. The Executioner misses you.
The sun demon hits you.
* * * LOW HITPOINT WARNING * * *
You are engulfed in flames!
* * * LOW HITPOINT WARNING * * *
The Executioner hits you!
You die...

##.....#'## #.#
###...###.####'####
##..###.## ##.##.....##
....# ### ##'.......##
....# ##.........##
....# #...........#
....#
#######...........#
....+
...4.$'..3.ยง......#
....#
#######.e2@)......#
....# #..11.......#
....# ##.........##
....##########'.......##
##..#......##.##.....##
###......#'#########
#.........##
##...PPP...##
#....PPP....#


You could see a cacodemon (summoned), 2 Executioners, a sun demon (summoned), a
deep elf demonologist and a red devil (summoned).

Vanquished Creatures
  Mara (Elf:3)
  Saint Roka (Snake:2)
  Rupert (D:14)
  Kirke (Snake:1)
  A tentacled starspawn (Abyss:3)
  3 deep elf sorcerers (Elf:1)
  3 ghouls (Swamp:1)
  A very ugly thing (Abyss:3)
  A stone giant (D:15)
  The ghost of Chiseanne the Nimble, a journeyman DsWn of Gozag (Orc:2)
  A deep elf annihilator (Elf:1)
  The ghost of TangoThomas the Geomancer, a journeyman DsEE of Ashenzari (Orc:2)
  Snorg (D:10)
  The ghost of HunfridMar the Eclecticist, a journeyman DECj of Vehumet (Lair:4)
  2 fire dragons
  Josephine (D:11)
  An entropy weaver (shapeshifter) (D:14)
  2 rakshasas
  4 vault guards (D:14)
  4 hydras
  An ice dragon (D:11)
  Fannar (Orc:1)
  2 ghost crabs
  6 ogre magi
  3 anacondas
  Erica (D:8)
  7 centaur warriors
  4 boulder beetles
  4 alligators (Swamp:1)
  23 two-headed ogres
  The ghost of VictorL the Thaumaturge, a journeyman DjHW of Makhleb (Orc:2)
  2 catoblepae (Lair:2)
  6 tengu warriors
  A naga sharpshooter (Snake:1)
  A naga warrior (Snake:1)
  7 dancing weapons
  Urug (D:10)
  2 shock serpents (Snake:2)
  An orc high priest (Orc:1)
  Nergalle (Lair:2)
  Sonja (D:10)
  A fire crab (Lair:5)
  2 skysharks
  4 deep elf knights (Elf:1)
  A salamander mystic (Snake:2)
  5 skeletal warriors
  A wretched star (Abyss:3)
  A spriggan druid (Swamp:1)
  Lodul (D:14)
  A goliath frog (Swamp:1)
  4 wizards
  6 bog bodies (Swamp:1)
  4 deep elf archers (Elf:2)
  A swamp dragon (Swamp:1)
  A spectral hydra (Lair:3)
  A lindwurm (Lair:5)
  17 deep elf pyromancers
  13 starcursed masses (Abyss:3)
  2 large abominations (Abyss:3)
  An oklob plant (Lair:4)
  An orc sorcerer (Snake:2)
  5 mana vipers
  21 deep elf zephyrmancers
  3 wolf spiders
  3 salamanders (Snake:2)
  5 cyclopes
  4 will-o-the-wisps (Swamp:1)
  13 elephants
  6 manticores
  A demonic crawler (Abyss:3)
  Maurice (D:13)
  3 ugly things
  6 naga magi
  5 torpor snails (Lair:5)
  21 black mambas
  2 guardian serpents
  7 spectral spriggans (Swamp:1)
  A smoke demon (Abyss:3)
  A rime drake (D:8)
  11 cane toads
  5 gargoyles
  2 unseen horrors
  2 komodo dragons
  2 freezing wraiths (Swamp:1)
  A tengu conjurer (D:14)
  4 efreet
  A kobold demonologist (D:11)
  2 ancient zymes (Abyss:3)
  3 yaktaurs (D:15)
  A bloated husk (Swamp:1)
  A meliai (D:14)
  6 tyrant leeches
  A hellwing (Abyss:3)
  10 trolls
  4 polar bears (Lair:5)
  12 hornets
  12 blink frogs
  4 raiju (Abyss:3)
  12 slime creatures
  A spectral elephant (Lair:3)
  2 spectral black mambas (Lair:3)
  3 shadows
  5 flying skulls
  13 wyverns
  3 alligator skeletons (Volcano)
  3 water elementals
  4 air elementals (Elf:1)
  2 centaur simulacra (D:15)
  A ynoxinul (Abyss:3)
  2 spriggans (Swamp:1)
  7 wraiths
  50 yaks
  Eustachio (D:6)
  A wyvern (shapeshifter) (Elf:1)
  4 humans (Snake:1)
  A fire elemental (Elf:1)
  9 basilisks
  A redback simulacrum (D:10)
  2 steam dragons (D:6)
  A chaos spawn (Abyss:3)
  A neqoxec (Abyss:3)
  A redback (Lair:5)
  12 vampire mosquitoes
  3 wargs
  6 acid dragons
  15 nagas
  A spectral cane toad (Lair:3)
  3 swamp worms (Swamp:1)
  21 water moccasins
  Duvessa (D:6)
  3 swamp drakes (Swamp:1)
  A sky beast (D:7)
  22 orc warriors
  3 ice beasts (D:8)
  41 ogres
  3 wolves
  14 centaurs
  2 phantoms (D:6)
  A spectral basilisk (Lair:3)
  6 kobold brigands
  6 bullfrogs
  Blork the orc (D:6)
  4 gnoll sergeants
  An earth elemental (Elf:2)
  A scorpion (D:7)
  9 wights
  Dowan (D:6)
  7 killer bees
  A spriggan skeleton (Volcano)
  4 howler monkeys
  A hound (D:5)
  A jelly (D:5)
  15 orc priests
  2 gnoll boudas
  A sleepcap (D:6)
  Terence (D:2)
  Ijyb (D:2)
  27 orc wizards
  A naga skeleton (Volcano)
  20 gnolls
  17 adders
  5 river rats
  A shadow imp (D:5)
  2 white imps
  2 ufetubi (D:5)
  5 worms
  11 dart slugs
  85 orcs
  18 ball pythons
  6 bats
  9 endoplasms
  6 giant cockroaches
  9 goblins
  8 hobgoblins
  3 jackals
  5 quokkas
  6 frilled lizards
  9 kobolds
  6 rats
  A spectral goblin (D:1)
975 creatures vanquished.

Vanquished Creatures (others)
  A goliath frog (Swamp:1)
  A bloated husk (Swamp:1)
  A hornet (Swamp:1)
  2 spriggans (Swamp:1)
  A human (Snake:1)
  A swamp drake (Swamp:1)
  An orc wizard (D:8)
  A giant cockroach (D:3)
  20 foxfires (Swamp:1)
  5 starspawn tentacles (Abyss:3)
34 creatures vanquished.

Grand Total: 1009 creatures vanquished

Notes
Turn   | Place    | Note
-------+----------+-------------------------------------------
     0 | D:1      | Peloso the Minotaur Fighter began the quest for the Orb.
     0 | D:1      | Reached XP level 1. HP: 19/19 MP: 0/0
   153 | D:1      | Reached XP level 2. HP: 27/27 MP: 1/1
   197 | D:1      | Found Isomnes's Jewellery Emporium.
   333 | D:1      | Reached skill level 4 in Shields
   349 | D:1      | Reached XP level 3. HP: 33/33 MP: 2/2
   376 | D:1      | Found a faded altar of an unknown god.
   584 | D:2      | Noticed Terence
   596 | D:2      | HP: 1/33 [Terence/+4 hand axe of electrocution (10)]
   597 | D:2      | Killed Terence
   598 | D:2      | Reached XP level 4. HP: 2/40 MP: 3/3
  1091 | D:2      | You fall into a shaft and drop 2 floors!
  1667 | D:2      | Reached XP level 5. HP: 47/47 MP: 4/4
  2077 | D:3      | Noticed Ijyb
  2094 | D:2      | Killed Ijyb
  2095 | D:2      | Reached skill level 5 in Long Blades
  2341 | D:3      | Reached skill level 5 in Armour
  2341 | D:3      | Reached XP level 6. HP: 44/53 MP: 5/5
  3025 | D:4      | Found a shimmering blue altar of Sif Muna.
  3107 | D:4      | Reached skill level 1 in Dodging
  3112 | D:4      | Reached skill level 5 in Shields
  3299 | D:5      | Entered Level 5 of the Dungeon
  3414 | D:5      | Identified the +7 long sword "Kemibenaess" {flame, Str+2
                  | Dex+3}
  3502 | D:5      | Reached XP level 7. HP: 59/60 MP: 6/6
  3519 | D:5      | Found a sacrificial altar of Ru.
  3606 | D:5      | Found a glowing drain.
  3615 | Sewer    | Entered a sewer
  4002 | Sewer    | Reached skill level 5 in Fighting
  4124 | Sewer    | Reached XP level 8. HP: 44/68 MP: 7/7
  4269 | Sewer    | Reached skill level 6 in Shields
  5243 | D:6      | Noticed Blork the orc
  5250 | D:6      | Killed Blork the orc
  5451 | D:6      | Noticed Eustachio
  5451 | D:6      | Noticed Duvessa
  5456 | D:6      | Noticed Dowan
  5459 | D:6      | Killed Dowan
  5464 | D:6      | Killed Duvessa
  5472 | D:6      | Killed Eustachio
  5473 | D:6      | Reached skill level 7 in Shields
  5473 | D:6      | Reached XP level 9. HP: 40/77 MP: 8/8
  5802 | D:6      | Found Muluefy's Antique Weapon Emporium.
  5805 | D:6      | Reached skill level 10 in Long Blades
  5960 | D:6      | Found a stormy altar of Qazlal.
  5961 | D:6      | Found an opulent altar of Gozag.
  6215 | D:7      | Found a blossoming altar of Fedhas.
  6222 | D:7      | Found a snail-covered altar of Cheibriados.
  6229 | D:7      | Found a sparkling altar of Nemelex Xobeh.
  6237 | D:7      | Found a shimmering altar of Xom.
  6245 | D:7      | Found an iron altar of Okawaru.
  6250 | D:7      | Found a bloodstained altar of Trog.
  6261 | D:7      | Found a white marble altar of Elyvilon.
  6273 | D:7      | Became a worshipper of Warmaster Okawaru
  6343 | D:7      | Noticed a boulder beetle
  6369 | D:7      | Reached * piety under Okawaru
  6373 | D:7      | Killed a boulder beetle
  6374 | D:7      | Reached skill level 1 in Stealth
  6374 | D:7      | Reached skill level 8 in Shields
  6574 | D:7      | Found Awnun's Assorted Antiques.
  6606 | D:7      | Bought a masterwork falchion for 264 gold pieces
  6606 | D:7      | Identified the +12 falchion of Untruth {freeze, Dex+5} (You
                  | bought it in a shop on level 7 of the Dungeon)
  6650 | D:7      | Reached ** piety under Okawaru
  6651 | D:7      | Reached XP level 10. HP: 76/86 MP: 9/9
  6982 | D:7      | Found a staircase to the Ecumenical Temple.
  7344 | D:8      | Noticed Erica
  7349 | D:8      | Killed Erica
  7437 | D:8      | Reached *** piety under Okawaru
  7583 | D:8      | Identified the +6 rapier of Ninoone {flame, +Blink rCorr
                  | Str-4}
  7655 | D:8      | Found a staircase to the Lair.
  7675 | D:8      | Reached skill level 9 in Shields
  8155 | D:9      | Noticed a two-headed ogre
  8161 | D:9      | Killed a two-headed ogre
  8162 | D:9      | Reached skill level 10 in Armour
  8314 | D:9      | Reached **** piety under Okawaru
  8587 | D:9      | Reached XP level 11. HP: 70/97 MP: 10/10
  8673 | D:9      | Received a gift from Okawaru
  8957 | D:9      | Found a glowing golden altar of the Shining One.
  9013 | D:10     | Entered Level 10 of the Dungeon
  9013 | D:10     | Found Qeshrostesa's Assorted Antiques.
  9017 | D:10     | Noticed a two-headed ogre
  9023 | D:10     | Killed a two-headed ogre
  9024 | D:10     | Reached skill level 10 in Shields
  9069 | D:10     | Bought 2 coppery potions for 50 gold pieces
  9082 | D:10     | Found a radiant altar of Vehumet.
  9127 | D:10     | Noticed Urug
  9135 | D:10     | Killed Urug
  9199 | D:10     | Identified the +0 leather armour of Dogmatism {rF- rN+
                  | Will++ SInv}
  9203 | D:10     | Noticed Sonja
  9210 | D:10     | Killed Sonja
  9237 | D:10     | Noticed a two-headed ogre
  9243 | D:10     | Killed a two-headed ogre
  9333 | D:10     | Reached ***** piety under Okawaru
  9476 | D:10     | Reached skill level 10 in Fighting
  9505 | D:10     | Noticed Snorg
  9511 | D:10     | Killed Snorg
  9637 | D:10     | Noticed a fire dragon
  9649 | D:10     | Noticed a centaur warrior
  9654 | D:10     | Killed a fire dragon
  9655 | D:10     | Reached skill level 1 in Invocations
  9660 | D:10     | Killed a centaur warrior
  9661 | D:10     | Reached skill level 11 in Shields
  9874 | D:10     | Noticed a deep elf pyromancer
  9875 | D:10     | Noticed a wizard
  9898 | D:10     | Killed a wizard
  9907 | D:10     | Killed a deep elf pyromancer
  9908 | D:10     | Reached XP level 12. HP: 80/107 MP: 11/11
 10035 | D:10     | Noticed an ogre mage
 10044 | D:10     | Killed an ogre mage
 10054 | D:10     | Received a gift from Okawaru
 10433 | D:11     | Found a staircase to the Orcish Mines.
 10602 | D:11     | Noticed an ice dragon
 10602 | D:11     | Noticed a tengu warrior
 10602 | D:11     | Noticed a two-headed ogre
 10602 | D:11     | Noticed a centaur warrior
 10611 | D:11     | Found a runed translucent door.
 10909 | Lair:1   | Entered Level 1 of the Lair of Beasts
 11275 | Lair:1   | Reached skill level 12 in Shields
 11885 | Lair:2   | Received a gift from Okawaru
 12033 | Lair:2   | Noticed a catoblepas
 12041 | Lair:2   | Killed a catoblepas
 12042 | Lair:2   | Reached skill level 15 in Long Blades
 12247 | Lair:2   | Noticed Nergalle
 12251 | Lair:2   | Noticed a catoblepas
 12262 | Lair:2   | Killed Nergalle
 12314 | Lair:2   | Killed a catoblepas
 12689 | Lair:2   | Received a gift from Okawaru
 12689 | Lair:2   | Found the +8 orange crystal plate armour {Archmagi, Int+3
                  | Clar}
 13108 | Lair:3   | Found a staircase to the Snake Pit.
 13144 | Lair:3   | Reached XP level 13. HP: 87/118 MP: 13/13
 13292 | Lair:3   | Reached skill level 13 in Shields
 13772 | Lair:3   | Found a staircase to the Swamp.
 14330 | D:11     | Reached ****** piety under Okawaru
 14399 | D:11     | Reached skill level 14 in Shields
 14432 | D:11     | Received a gift from Okawaru
 15048 | D:11     | Noticed Josephine
 15058 | D:11     | Reached skill level 15 in Shields
 15059 | D:11     | Killed Josephine
 15295 | D:11     | Identified the +2 halberd of Impatience {freeze, rPois
                  | SInv} (Okawaru gifted it to you on level 11 of the Dungeon)
 15295 | D:11     | Received a gift from Okawaru
 15639 | Orc:1    | Entered Level 1 of the Orcish Mines
 15812 | Orc:1    | Reached XP level 14. HP: 116/129 MP: 14/14
 15913 | Orc:2    | Entered Level 2 of the Orcish Mines
 16137 | Orc:2    | Identified the +2 demon blade "Olyatiuj" {pain, Str+5
                  | Dex-4} (Okawaru gifted it to you on level 2 of the Orcish
                  | Mines)
 16137 | Orc:2    | Received a gift from Okawaru
 16163 | Orc:2    | Reached skill level 16 in Shields
 16163 | Orc:2    | Paralysed by an ogre mage for 3 turns
 16253 | Orc:2    | Found Borilira's Magic Scroll Emporium.
 16253 | Orc:2    | Found Lecriwoq's Distillery.
 16257 | Orc:2    | Found Woit's General Store.
 16257 | Orc:2    | Found Gahak's Antique Armour Emporium.
 16389 | Orc:2    | Identified the +9 falchion of the Absolute Madman {flame,
                  | rCorr} (Okawaru gifted it to you on level 2 of the Orcish
                  | Mines)
 16389 | Orc:2    | Received a gift from Okawaru
 16506 | Orc:2    | Found a runed translucent gate.
 16507 | Orc:2    | Found a runed translucent gate.
 16509 | Orc:2    | Found a runed translucent gate.
 16632 | Orc:2    | Noticed TangoThomas's ghost (journeyman DsEE)
 16632 | Orc:2    | Noticed Chiseanne's ghost (journeyman DsWn)
 16633 | Orc:2    | Noticed VictorL's ghost (journeyman DjHW)
 16767 | Orc:2    | Found a staircase to the Elven Halls.
 16850 | Orc:1    | Noticed Fannar
 16864 | Orc:1    | Killed Fannar
 17253 | D:12     | Found Golidiad's Weapon Boutique.
 17380 | D:12     | Reached skill level 17 in Shields
 17434 | D:12     | Identified a scroll of acquirement
 17489 | D:12     | Found an ancient bone altar of Kikubaaqudgha.
 17555 | D:12     | Identified the +2 leather armour of the Arena {rC+ rN+
                  | Dex+2}
 17759 | D:12     | Reached skill level 15 in Armour
 17823 | D:12     | Identified the ring of Due Proportion {EV+5 Str+3}
 18331 | Lair:4   | Found a dark tunnel.
 18341 | Volcano  | Entered a volcano
 18379 | Volcano  | Reached skill level 1 in Evocations
 18693 | Volcano  | Identified the +0 pair of gloves "Ycoawn Ropu" {*Slow Will+
                  | Str+4 Dex+3} (Okawaru gifted it to you in a volcano)
 18693 | Volcano  | Received a gift from Okawaru
 18905 | Lair:4   | Identified the +6 chain mail of Dim Light {rPois rN+ Str-4}
 18986 | Lair:4   | Found a runed translucent door.
 18986 | Lair:4   | Found a shimmering altar of Xom.
 18987 | Lair:4   | Noticed HunfridMar's ghost (journeyman DECj)
 19455 | Lair:5   | Entered Level 5 of the Lair of Beasts
 19682 | Lair:5   | Reached skill level 18 in Shields
 19682 | Lair:5   | Reached XP level 15. HP: 139/139 MP: 15/15
 20010 | Lair:5   | Found a staircase to the Slime Pits.
 20533 | Lair:5   | Identified the +0 ring mail of the Albatross {Dex+2}
 20723 | Lair:5   | Found a runed translucent door.
 20854 | Lair:5   | Reached skill level 19 in Shields
 20856 | Lair:5   | Identified the +5 ring mail "Enyth" {rF+ SInv Stlth+}
                  | (Okawaru gifted it to you on level 5 of the Lair of Beasts)
 20856 | Lair:5   | Received a gift from Okawaru
 21214 | Lair:5   | HP: 6/139 [black mamba (12)]
 22095 | D:13     | Reached skill level 15 in Fighting
 22180 | D:13     | Noticed Maurice
 22215 | D:13     | Killed Maurice
 22522 | D:14     | Noticed Rupert
 22539 | D:14     | Killed Rupert
 22769 | D:14     | Reached skill level 20 in Shields
 22787 | D:14     | Noticed Lodul
 22825 | D:14     | Killed Lodul
 23107 | D:14     | Found a gate to the Vaults.
 23154 | D:14     | Received a gift from Okawaru
 23371 | D:14     | Reached XP level 16. HP: 146/149 MP: 16/16
 23716 | D:15     | Entered Level 15 of the Dungeon
 24457 | D:15     | Found a staircase to the Depths.
 24773 | Orc:2    | Killed TangoThomas's ghost
 24773 | Orc:2    | Received a gift from Okawaru
 24790 | Orc:2    | Killed Chiseanne's ghost
 24798 | Orc:2    | Killed VictorL's ghost
 25300 | Lair:4   | Killed HunfridMar's ghost
 25308 | Lair:4   | Got the Octavo of Shifting and the Damned
 25383 | Snake:1  | Entered Level 1 of the Snake Pit
 25391 | Snake:1  | Reached skill level 21 in Shields
 25439 | Snake:1  | Found Lash's Magic Scroll Boutique.
 25439 | Snake:1  | Found Ullogh's Distillery.
 25443 | Snake:1  | Found Itoexze's Weapon Boutique.
 25447 | Snake:1  | Bought a scroll of magic mapping for 105 gold pieces
 25449 | Snake:1  | Bought a potion of haste for 150 gold pieces
 25449 | Snake:1  | Bought a potion of might for 60 gold pieces
 25551 | Snake:1  | Identified the +0 chain mail of Lyrygauss {+Inv rC+ MP+9}
                  | (Okawaru gifted it to you on level 1 of the Snake Pit)
 25551 | Snake:1  | Received a gift from Okawaru
 26118 | Snake:1  | Noticed Kirke
 26138 | Snake:1  | Killed Kirke
 27731 | Snake:2  | Noticed Saint Roka
 27753 | Snake:2  | Killed Saint Roka
 28646 | Swamp:1  | Entered Level 1 of the Swamp
 28784 | Swamp:1  | You fall into a shaft and drop 1 floor!
 29307 | Swamp:1  | Reached skill level 22 in Shields
 29434 | Swamp:1  | Identified the +4 chain mail of Oletsadd {rF++ Int-3 Slay+2
                  | SInv} (Okawaru gifted it to you on level 1 of the Swamp)
 29434 | Swamp:1  | Received a gift from Okawaru
 29810 | Swamp:1  | Reached XP level 17. HP: 156/158 MP: 17/17
 30933 | Elf:1    | Entered Level 1 of the Elven Halls
 30933 | Elf:1    | Found a runed translucent gate.
 30933 | Elf:1    | Found a runed translucent gate.
 30933 | Elf:1    | Found a runed translucent gate.
 30933 | Elf:1    | Found a runed translucent gate.
 30933 | Elf:1    | Found a runed translucent gate.
 30933 | Elf:1    | Found a runed translucent gate.
 30934 | Elf:1    | Found a runed translucent door.
 30971 | Elf:1    | Found a runed translucent door.
 31364 | Elf:1    | Paralysed by an air elemental for 1 turns
 31440 | Elf:1    | Paralysed by an air elemental for 1 turns
 31443 | Elf:1    | Paralysed by an air elemental for 1 turns
 31508 | Elf:1    | Found Gaokitem's Goods Gallery.
 32425 | Elf:1    | Paralysed by an air elemental for 1 turns
 32685 | Abyss:3  | Cast into level 3 of the Abyss (a deep elf sorcerer)
 32959 | Abyss:3  | Reached skill level 23 in Shields
 33019 | Abyss:3  | Found a corrupted altar of Lugonu.
 33060 | Abyss:3  | Gained mutation: You are weak. (Str -2) [a neqoxec]
 33070 | Abyss:3  | Paralysed by accursed screaming for 1 turns
 33073 | Abyss:3  | Paralysed by accursed screaming for 1 turns
 33075 | Abyss:3  | HP: 5/159 [starcursed mass/accursed screaming (9)]
 33083 | Abyss:3  | Paralysed by accursed screaming for 1 turns
 33084 | Abyss:3  | HP: 5/159 [starcursed mass/accursed screaming (13)]
 33088 | Abyss:3  | Paralysed by accursed screaming for 1 turns
 33091 | Abyss:3  | HP: 7/159 [starcursed mass/accursed screaming (8)]
 33103 | Elf:1    | Escaped the Abyss
 33440 | Elf:1    | Identified the +3 scale mail of the Lost Suns {Will+ Regen+
                  | Stlth+} (Okawaru gifted it to you on level 1 of the Elven
                  | Halls)
 33440 | Elf:1    | Received a gift from Okawaru
 33462 | Elf:1    | Paralysed by an air elemental for 1 turns
 33714 | Elf:2    | Found a radiant altar of Vehumet.
 34467 | Elf:2    | Found a runed translucent gate.
 34493 | Elf:2    | Found a runed translucent gate.
 34493 | Elf:2    | Found a runed translucent gate.
 34643 | Elf:3    | Entered Level 3 of the Elven Halls
 34710 | Elf:3    | Found a radiant altar of Vehumet.
 34948 | Elf:3    | Noticed Mara
 34971 | Elf:3    | Killed Mara
 34972 | Elf:3    | Slain by an Executioner

Illustrated notes

Levels and vault maps discovered:
D:1:      dpeg_arrival_refuge, layout_rooms, serial_shops,
          nicolae_shop_behind_doors, dreamdust_ecumenical_altar_drowned_temple
D:2:      minmay_recursive_quarters, layout_loops_ring, uniq_terence
D:3:      kennysheep_slugbush, layout_basic, chequers_garden, uniq_ijyb
D:4:      layout_loops_corners, lemuel_blue_sif_altar, minmay_surrounded
D:5:      layout_rooms, nicolae_ru_path_of_blood, portal_sewer_entry_b
D:6:      layout_gridville, minitemple, serial_shops, shop,
          grunt_decor_fettered, uniq_eustachio, uniq_duvessa, uniq_blork_the_orc
D:7:      layout_basic, grunt_temple_overflow_octagram,
          minmay_temple_entry_overgrown, serial_shops, shop, minmay_small_thing
D:8:      layout_basic, hellmonk_lair_entry_icy, uniq_erica
D:9:      layout_irregular_city, tso_altar, minmay_joined_circles
D:10:     layout_big_octagon, mainiacjoe_overflow_concentric_impassable,
          serial_shops, shop, minmay_shattered_shrine, uniq_urug, uniq_sonja,
          uniq_snorg
D:11:     minmay_the_grid_triangle_9x9_line_8_mashed
          [minmay_the_grid_triangle_9x9_subtriangle,
          minmay_the_grid_triangle_9x9_longest,
          minmay_the_grid_triangle_9x9_skeleton,
          minmay_the_grid_triangle_9x9_flanged_cone,
          minmay_the_grid_triangle_9x9_pentomino_pain,
          minmay_the_grid_triangle_9x9_dagger,
          minmay_the_grid_triangle_9x9_swiss_cheese,
          minmay_the_grid_triangle_9x9_prize_top_heavy], layout_long_grid,
          hiddenorc2_lemuel, uniq_josephine
D:12:     layout_roguey, serial_shops, shop, kiku_gazebo_garden_becter
D:13:     layout_rooms, minmay_stone_trees_small,
          hangedman_abyss_or_decor_stabs, uniq_maurice
D:14:     layout_rooms, lightli_vaults_fourway_checkpoint, uniq_lodul,
          uniq_rupert
D:15:     grunt_enter_depths_snipers, layout_rooms, grunt_ministairs_12
Lair:1:   layout_small_grid, lemuel_fruit_tree
Lair:2:   layout_roguey, grunt_megastairs_5, uniq_nergalle
Lair:3:   layout_gridlike, nicolae_swamp_entry_spooky,
          guppyfry_snake_entry_island
Lair:4:   hellmonk_ruined_rings, layout_long_grid,
          nicolae_volcano_entry_hallway, ebering_ghost_xom
Lair:5:   wormcave, layout_regular_city, hangedman_lair_tendril_chambers,
          slime_entry_1, st_stairs_4, infiniplex_staircase_pool_2
Swamp:1:  nicolae_swamp_flooded_prison, layout_basic_swamp,
          nicolae_swamp_little_swirl, swamp_pool5
Swamp:2:  layout_basic_swamp, hangedman_swamp_lotus, cheibrodos_swamp_witchery
Snake:1:  layout_chambers, minmay_shop_star, uniq_kirke
Snake:2:  layout_onion, uniq_saint_roka
Orc:1:    layout_caves, nicolae_orc_rich_vein, uniq_fannar
Orc:2:    st_orc_ogre_mass, layout_caves, gammafunk_ghost_cemetery
Elf:1:    nicolae_elf_arrival_dilemma, layout_onion_city,
          hangedman_elf_represent, eino_tiny_chamber, abandoned_shop,
          nicolae_alphabet_shops
Elf:2:    elven_hall_of_blades_hangedman_original
          [nicolae_blade_entry_diamond_columns], layout_gridlike, basic_altar
Elf:3:    minmay_elf_hall_statues, layout_geoelf_diagonals, basic_altar,
          drop_trap, uniq_mara, uniq_zenata

Skill      XL: |  1  2  3  4  5  6  7  8  9 10 11 12 13 14 15 16 17 |
---------------+----------------------------------------------------+-----
Armour         | 4 5 6 7 8 10 11 13 14 15 16 17 | 17.8
Long Blades    | 3 4 5 6 7 9 11 12 14 15 16 17 18 | 18.7
Shields        | 4 5 7 8 9 11 12 15 18 20 22 23 | 23.6
Fighting       | 4 5 6 7 9 10 12 13 14 15 16 | 16.8
Dodging        | 1 2 3 |  3.5
Stealth        | 1 2 |  2.0
Invocations    | 1 2 |  2.6
Evocations     | 1 |  1.4

Action                     |  1- 3 |  4- 6 |  7- 9 | 10-12 | 13-15 | 16-18 || total
---------------------------+-------+-------+-------+-------+-------+-------++-------
  Melee: Long sword        |    73 |   185 |   171 |   247 |   859 |   898 ||  2433
         Headbutt          |    10 |    33 |    33 |    88 |   341 |   238 ||   743
         Falchion          |       |       |     9 |   207 |   336 |       ||   552
 Invoke: Heroism           |       |       |       |     8 |     3 |     6 ||    17
  Evoke: Wand              |       |       |       |     3 |    12 |     1 ||    16
    Use: Scroll            |     2 |     3 |    11 |     7 |    10 |     4 ||    37
         Potion            |       |       |       |     2 |     3 |    21 ||    26
   Stab: Petrified         |       |       |       |     4 |       |       ||     4
         Petrifying        |       |       |       |     1 |       |       ||     1
 Armour: Scale mail        |    36 |       |       |       |       |       ||    36
         Chain mail        |       |   122 |    64 |       |       |       ||   186
         Plate armour      |       |       |     7 |   216 |       |       ||   223
         Crystal plate arm |       |       |       |     9 |   619 |   324 ||   952
  Dodge: Dodged            |    48 |   109 |    55 |   128 |   167 |   123 ||   630
  Block: Buckler           |    13 |    59 |       |       |       |       ||    72
         Kite shield       |       |     4 |   108 |   309 |    34 |       ||   455
         Tower shield      |       |       |       |       |  1372 |   955 ||  2327
